[Event "fics rated crazyhouse match"]
[Site "fics, Oklahoma City, OK USA"]
[Date "2000.01.15"]
[White "Thufir"]
[WhiteElo "2384"]
[Black "Lomboc"]
[BlackElo "2311"]
[TimeControl "60+0"]
[Result "1-0"]

1. e4 e6 2. Nc3 d5 3. exd5 exd5 4. d4 Nf6 5. Bb5+ Bd7 6. Qe2+ 
P@e6 7. Bxd7+ Nbxd7 8. Nf3 Bb4 9. B@g5 B@e7 10. Bxf6 Nxf6 11. Bd2 Bxc3 
12. bxc3 B@g6 13. P@e5 Ne4 14. B@d3 Nxd2 15. Nxd2 B@e4 16. Bxe4 dxe4 17. Nxe4 
Bxe4 18. Qxe4 B@d5 19. Qg4 Rg8 20. P@f6 N@h6 21. fxe7 Qxe7 22. Qe2 N@f4 
23. Qb5+ Bc6 24. Qb3 Nxg2+ 25. Kd1 Nf4 26. Kc1 Bxh1 27. B@a4+ Bc6 28. B@b5 
Bxb5 29. Bxb5+ P@c6 30. B@d2 cxb5 31. Bxf4 R@e1+ 32. B@d1 P@e2 33. Kb2 exd1=Q 
34. Rxd1 Rxd1 35. N@c1 Nf5 36. Qxb5+ B@c6 37. Qe2 R@b6+ 38. P@b4 B@a3+ 39. Kxa3 
Rxc1 40. Bxc1 N@b5+ 41. Kb2 B@a3+ 42. Kb1 Bxc1 43. Kxc1 Nxc3 44. P@d7+ Qxd7 
45. Qd2 Nxa2+ 46. Kd1 Nxb4 47. B@c3 Bf3+ 48. Ke1 
{Lomboc forfeits on time} 1-0

[Event "fics rated crazyhouse match"]
[Site "fics, Oklahoma City, OK USA"]
[Date "2000.01.15"]
[White "Lomboc"]
[WhiteElo "2305"]
[Black "Thufir"]
[BlackElo "2390"]
[TimeControl "60+0"]
[Result "1-0"]

1. e4 e6 2. Nc3 Nc6 3. d4 Nf6 4. Nf3 Bb4 5. Bd3 d5 6. e5 
Ne4 7. Bd2 Nxd2 8. Qxd2 B@g4 9. N@g1 Bxf3 10. Nxf3 N@e4 11. Qd1 Bxc3+ 
12. bxc3 Nxc3 13. Qd2 N@e4 14. Qe3 P@g4 15. Bxe4 Nxe4 16. O-O gxf3 17. Qxf3 
Nd2 18. Qe3 N@c4 19. Qg3 Nxd4 20. Qxg7 Kd7 21. N@f6+ Kc6 22. Rfd1 P@f3 
23. Rxd2 Nxd2 24. B@a4+ b5 25. N@b4+ Kb6 26. P@e3 Ne2+ 27. Kh1 fxg2+ 28. Qxg2 
B@f3 29. P@c5+ Kb7 30. B@a6+ Kb8 31. Nc6# 
{Thufir checkmated} 1-0

[Event "fics rated crazyhouse match"]
[Site "fics, Oklahoma City, OK USA"]
[Date "2000.01.15"]
[White "Thufir"]
[WhiteElo "2380"]
[Black "Lomboc"]
[BlackElo "2315"]
[TimeControl "60+0"]
[Result "1-0"]

1. e4 e6 2. Nc3 d5 3. exd5 exd5 4. d4 Nf6 5. Bb5+ Nc6 6. Qe2+ 
Be7 7. P@e5 Nd7 8. Nxd5 Nxd4 9. Nxe7 Qxe7 10. Bxd7+ Bxd7 11. N@d5 Nxe2 
12. Nxe7 Nxg1 13. Rxg1 B@b4+ 14. P@c3 Bxe7 15. N@h5 Rg8 16. Be3 P@g6 17. Nf4 
N@f5 18. B@d2 N@e4 19. Nd5 Nxd2 20. Nxc7+ Kf8 21. Bxd2 N@e4 22. P@d6 Nfxd6 
23. exd6 Bxd6 24. Nxa8 Nxd2 25. R@e3 P@e5 26. Q@d8+ Q@e8 27. Qxe8+ Bxe8 28. N@c7 
Nc4 29. Q@e2 P@d2+ 30. Kf1 Nxe3+ 31. fxe3 R@c1+ 32. Rxc1 dxc1=Q+ 33. N@e1 P@d2 
34. N@e6+ fxe6 35. Nxe6+ Ke7 36. P@f6+ gxf6 37. R@d1 dxe1=Q+ 38. Qxe1 Qxd1 39. Qxd1 
N@e4 40. P@f2 N@d2+ 41. Ke2 B@c4+ 42. P@d3 Bxe6 43. Qxd2 Nxd2 44. Kxd2 N@c4+ 
45. dxc4 Q@e4 46. N@d3 Bxc4 47. N@f1 Bxd3 48. N@e2 Bxe2 49. Kxe2 Qxc2+ 50. B@d2 
Q@d3+ 51. Kf3 Qe4+ 52. Kg3 
{Lomboc forfeits on time} 1-0

[Event "fics rated crazyhouse match"]
[Site "fics, Oklahoma City, OK USA"]
[Date "2000.01.15"]
[White "Lomboc"]
[WhiteElo "2308"]
[Black "Thufir"]
[BlackElo "2387"]
[TimeControl "60+0"]
[Result "0-1"]

1. d4 e6 2. Nc3 Nc6 3. e4 Nf6 4. Nf3 Bb4 5. Bd3 d5 6. exd5 
exd5 7. Ne5 Nxd4 8. Bxh7 Rxh7 9. Qxd4 Qe7 10. O-O B@c5 11. Qf4 Bxc3 
12. bxc3 N@e2+ 13. Kh1 Nxf4 14. Bxf4 P@h3 15. Rg1 Bxf2 16. gxh3 Bxg1 17. Rxg1 
P@f2 18. Rf1 P@g2+ 19. Kxg2 Bxh3+ 20. Kxf2 Q@g2+ 21. Ke3 R@e4+ 22. Kd3 Qe2# 
{Lomboc checkmated} 0-1

[Event "fics rated crazyhouse match"]
[Site "fics, Oklahoma City, OK USA"]
[Date "2000.01.15"]
[White "Thufir"]
[WhiteElo "2393"]
[Black "Lomboc"]
[BlackElo "2302"]
[TimeControl "60+0"]
[Result "1-0"]

1. e4 e6 2. d4 Nf6 3. e5 Nd5 4. Nc3 d6 5. Nf3 Nc6 6. Be2 
dxe5 7. Nxe5 Nxc3 8. bxc3 Nxe5 9. dxe5 Qxd1+ 10. Bxd1 N@e4 11. Q@a4+ Bd7 
12. Qxe4 P@d5 13. Qe2 N@e4 14. P@b2 a6 15. O-O Bb5 16. N@d3 Nc5 17. N@d4 
Bxd3 18. cxd3 N@d7 19. B@g3 O-O-O 20. b4 Kb8 21. bxc5 Bxc5 22. Rb1 Bxd4 
23. cxd4 P@b6 24. B@c5 bxc5 25. N@c6+ Kc8 26. N@e7# 
{Lomboc checkmated} 1-0

[Event "fics rated crazyhouse match"]
[Site "fics, Oklahoma City, OK USA"]
[Date "2000.01.15"]
[White "stinker"]
[WhiteElo "2217"]
[Black "BEO"]
[BlackElo "2201"]
[TimeControl "120+0"]
[Result "1-0"]

1. e4 e6 2. d4 d5 3. e5 Nc6 4. Nc3 Nge7 5. Bg5 Bd7 6. Nge2 
Qc8 7. Ng3 Ng6 8. Bd3 Nxd4 9. Bxg6 hxg6 10. Qxd4 B@b6 11. Qd2 Bb4 
12. N@f6+ gxf6 13. Bxf6 Rh7 14. N@g5 Rh4 15. Nxf7 Kxf7 16. Bxh4 P@g7 17. P@h5 
gxh5 18. P@g6+ Kxg6 19. Qg5+ Kf7 20. R@f4+ P@f5 21. O-O Bf8 22. Nxd5 exd5 
23. Nxf5 N@e2+ 24. Kh1 Nxf4 25. Qxf4 Bxf5 26. N@g5+ Kg6 27. Qxf5+ Qxf5 28. B@h7+ 
Kh6 29. Bxf5 Be7 30. Nf7# 
{BEO checkmated} 1-0

[Event "fics rated crazyhouse match"]
[Site "fics, Oklahoma City, OK USA"]
[Date "2000.01.15"]
[White "BEO"]
[WhiteElo "2193"]
[Black "stinker"]
[BlackElo "2225"]
[TimeControl "120+0"]
[Result "0-1"]

1. e4 Nf6 2. e5 Ne4 3. d3 Nxf2 4. Kxf2 Nc6 5. Nf3 d6 6. exd6 
Qxd6 7. Be2 e5 8. Nc3 P@d4 9. Ne4 P@e3+ 10. Kf1 Qd8 11. P@b5 Nb4 
12. Nxe5 Bd6 13. Nf3 Bf5 14. Nxd6+ cxd6 15. B@g3 N@e6 16. N@c4 O-O 17. a3 
Nd5 18. Nxd6 Bg4 19. Ne4 Ndf4 20. P@c3 Nxe2 21. Qxe2 dxc3 22. bxc3 P@f4 
23. Be1 Bxf3 24. Qxf3 N@g5 25. Qg4 f5 26. Nxg5 fxg4 27. Nxe6 e2+ 28. Kxe2 
f3+ 29. gxf3 gxf3+ 30. Kf2 Q@g2+ 31. Ke3 Qe2# 
{BEO checkmated} 0-1

[Event "fics rated crazyhouse match"]
[Site "fics, Oklahoma City, OK USA"]
[Date "2000.01.15"]
[White "stinker"]
[WhiteElo "2232"]
[Black "BEO"]
[BlackElo "2186"]
[TimeControl "120+0"]
[Result "0-1"]

1. e4 e6 2. d4 d6 3. Nc3 Nf6 4. Bd3 Nc6 5. Nf3 Be7 6. e5 
dxe5 7. dxe5 Ng4 8. Bf4 P@d6 9. exd6 cxd6 10. O-O P@f5 11. Bb5 O-O 
12. P@h6 Nxh6 13. Bxh6 gxh6 14. P@d5 Nb4 15. a3 Nxd5 16. Nxd5 exd5 17. Qxd5 
Be6 18. Qd2 P@g7 19. N@h5 N@e4 20. Qf4 B@g5 21. Qxg5 Bxg5 22. Bd3 P@g6 
23. Nxg7 Kxg7 24. Bxe4 fxe4 25. Nxg5 Qxg5 26. B@c3+ N@e5 27. B@g3 N@e2+ 28. Kh1 
Nxg3+ 29. fxg3 B@f3 30. gxf3 exf3 31. Rxf3 B@e4 32. B@g2 P@h3 33. Rxf7+ Rxf7 
34. Bxe4 R@e2 35. P@g2 hxg2+ 36. Bxg2 Rxg2 37. B@h3 Bxh3 38. N@e4 Rxh2+ 39. Kxh2 
Q@g2# 
{stinker checkmated} 0-1

[Event "fics rated crazyhouse match"]
[Site "fics, Oklahoma City, OK USA"]
[Date "2000.01.15"]
[White "BEO"]
[WhiteElo "2199"]
[Black "Tecumseh"]
[BlackElo "2226"]
[TimeControl "180+0"]
[Result "0-1"]

1. e4 d5 2. exd5 Nf6 3. Nf3 Nxd5 4. d4 Nc6 5. Be2 Bf5 6. O-O 
P@h3 7. gxh3 Bxh3 8. Re1 e6 9. Nc3 Nxc3 10. bxc3 N@e4 11. Bd2 P@g4 
12. Ne5 Nxe5 13. dxe5 Nxd2 14. P@d6 N@f3+ 15. Bxf3 Nxf3# 
{BEO resigns} 0-1

[Event "fics rated crazyhouse match"]
[Site "fics, Oklahoma City, OK USA"]
[Date "2000.01.15"]
[White "Tecumseh"]
[WhiteElo "2233"]
[Black "BEO"]
[BlackElo "2192"]
[TimeControl "180+0"]
[Result "0-1"]

1. e4 e6 2. d4 d5 3. e5 Nc6 4. Nf3 Nge7 5. Bg5 Bd7 6. Nc3 
Qc8 7. Be2 Nf5 8. O-O h6 9. Bf4 Be7 10. Nb5 a6 11. Nxc7+ Qxc7 
12. P@d6 Nxd6 13. exd6 Bxd6 14. Bxd6 Qxd6 15. B@e5 Nxe5 16. dxe5 Qb6 17. N@d6+ 
Ke7 18. Nd4 P@c7 19. N@f5+ exf5 20. N6xf5+ Bxf5 21. Nxf5+ Kf8 22. P@e7+ Kg8 
23. Qxd5 B@e6 24. Qd8+ Kh7 25. Qd3 Bxf5 26. Qxf5+ B@g6 27. Qh3 N@g5 28. Qg3 
N@f5 29. P@h5 Nxg3 30. hxg6+ fxg6 31. hxg3 P@f3 32. gxf3 N@d4 33. B@d3 Ndxf3+ 
34. Bxf3 Nxf3+ 35. Kg2 P@h3+ 36. Kxf3 B@g2+ 37. Ke2 Q@f3+ 38. Kd2 P@e3+ 39. fxe3 
Qbxe3+ 40. Kc3 Qc6+ 41. P@c4 N@d5+ 42. Kb3 P@a4+ 43. Ka3 Qec5+ 44. b4 Qxb4# 
{Tecumseh checkmated} 0-1

[Event "fics rated crazyhouse match"]
[Site "fics, Oklahoma City, OK USA"]
[Date "2000.01.15"]
[White "BEO"]
[WhiteElo "2201"]
[Black "Tecumseh"]
[BlackElo "2224"]
[TimeControl "180+0"]
[Result "0-1"]

1. e4 Nc6 2. d4 d5 3. exd5 Qxd5 4. Be3 e5 5. Nc3 Bb4 6. dxe5 
Qxe5 7. Nf3 Bxc3+ 8. bxc3 Qxc3+ 9. P@d2 Qf6 10. B@c3 P@e5 11. Bb5 P@d6 
12. P@d5 Bd7 13. dxc6 bxc6 14. Be2 P@h3 15. gxh3 N@g2+ 16. Kf1 Bxh3 17. Kg1 
Nxe3 18. fxe3 P@g2 19. N@h5 gxh1=Q+ 20. Kxh1 P@g2+ 21. Kg1 Qg6 22. Kf2 Qxh5 
23. N@g3 N@g4+ 24. Kg1 B@f2# 
{BEO checkmated} 0-1

[Event "fics rated crazyhouse match"]
[Site "fics, Oklahoma City, OK USA"]
[Date "2000.01.15"]
[White "BEO"]
[WhiteElo "2187"]
[Black "Tecumseh"]
[BlackElo "2238"]
[TimeControl "180+0"]
[Result "0-1"]

1. e4 Nc6 2. Nc3 Nf6 3. d4 d5 4. exd5 Nxd5 5. Nxd5 Qxd5 6. Be3 
e5 7. dxe5 Qxe5 8. N@c4 Qe7 9. Nf3 P@f4 10. Be2 fxe3 11. Nxe3 P@h3 
12. gxh3 Bxh3 13. Rg1 B@f4 14. Nd5 P@e3 15. Nxf4 exf2+ 16. Kxf2 N@e4+ 17. Ke3 
Nc3+ 18. P@e6 Nxd1+ 19. Raxd1 Bxe6 20. P@e5 Bf5 21. N@d5 Q@e4+ 22. Kf2 P@e3+ 
23. Kf1 Nxe5 24. Nxe7 Nxf3 25. B@g3 Bxe7 26. P@d7+ Bxd7 27. Rxd7 N@d2+ 28. Kg2 
Ne1+ 29. Kh3 N@g5+ 30. Kg4 f5+ 31. Kh4 Ndf3+ 32. Kh5 P@g6+ 33. Nxg6 hxg6+ 
34. Kxg6 Qe6+ 35. Kxg7 Qf6# 
{BEO checkmated} 0-1

[Event "fics rated crazyhouse match"]
[Site "fics, Oklahoma City, OK USA"]
[Date "2000.01.15"]
[White "Tecumseh"]
[WhiteElo "2245"]
[Black "BEO"]
[BlackElo "2180"]
[TimeControl "180+0"]
[Result "1-0"]

1. e4 e6 2. d4 d6 3. Nf3 Nf6 4. Nc3 Be7 5. Be2 Nc6 6. Bf4 
O-O 7. e5 Ne8 8. Ne4 f5 9. exf6 gxf6 10. P@h6 P@g5 11. Nfxg5 fxg5 
12. Be5 N@f5 13. P@g7 Rf7 14. Bh5 dxe5 15. Bxf7+ Kxf7 16. R@h8 Nxh6 17. Rxh7 
Ng8 18. P@g6+ Kxg6 19. Qh5+ Kf5 20. Ng3+ Kf6 21. Rh6+ Nxh6 22. Qxh6+ R@g6 
23. Nh5+ Kf7 24. g8=Q+ Rxg8 25. Qh7+ P@g7 26. N@h6+ Kf8 27. Qxg8# 
{BEO checkmated} 1-0

[Event "fics rated crazyhouse match"]
[Site "fics, Oklahoma City, OK USA"]
[Date "2000.01.15"]
[White "BEO"]
[WhiteElo "2173"]
[Black "Tecumseh"]
[BlackElo "2252"]
[TimeControl "180+0"]
[Result "0-1"]

1. e4 Nc6 2. Nc3 Nf6 3. d4 d5 4. e5 Ne4 5. Nf3 Bf5 6. Bd3 
e6 7. O-O Be7 8. Re1 Nxc3 9. bxc3 N@e4 10. Bd2 O-O 11. Rb1 Nxd2 
12. Qxd2 B@e4 13. Rxb7 Bxf3 14. gxf3 Nxd4 15. cxd4 P@e4 16. fxe4 N@f3+ 17. Kh1 
Nxd2 18. exf5 exf5 19. P@g2 Bh4 20. P@g3 P@e4 21. gxh4 exd3 22. cxd3 Qxh4 
23. B@g3 Qh3 24. B@f1 Nxf1 25. gxh3 Nxg3+ 26. hxg3 B@f3+ 27. P@g2 Bxg2+ 28. Kxg2 
P@f3+ 29. Kxf3 P@e4+ 30. Ke2 Q@f3+ 31. Kd2 Qxd3+ 32. Kc1 Qc3+ 33. N@c2 P@d2+ 
34. Kd1 B@f3+ 35. P@e2 dxe1=Q+ 36. Nxe1 R@c1# 
{BEO checkmated} 0-1

[Event "fics rated crazyhouse match"]
[Site "fics, Oklahoma City, OK USA"]
[Date "2000.01.15"]
[White "Tecumseh"]
[WhiteElo "2258"]
[Black "BEO"]
[BlackElo "2167"]
[TimeControl "180+0"]
[Result "1-0"]

1. e4 e6 2. d4 d5 3. e5 Nc6 4. Nf3 Nge7 5. Bg5 Qd7 6. Nc3 
Nf5 7. Be2 Be7 8. Bxe7 Qxe7 9. B@c5 Qd8 10. O-O Rg8 11. Bb5 Bd7 
12. Bxc6 Bxc6 13. N@b4 B@e4 14. Nxc6 bxc6 15. B@b7 B@d7 16. Nxe4 dxe4 17. Nd2 
Rb8 18. Ba6 e3 19. Ne4 exf2+ 20. Rxf2 P@e7 21. P@d6 cxd6 22. exd6 exd6 
23. Nxd6+ Nxd6 24. Bxd6 P@c7 25. P@e7 cxd6 26. exd8=Q+ Rxd8 27. P@c7 Ra8 28. Q@b8+ 
Rxb8 29. cxb8=Q+ B@d8 30. B@c7 Q@h4 31. R@e7+ Qxe7 32. Bxd6 Qxd6 33. Qxd6 B@c7 
34. Qxd7+ Kxd7 35. N@c5+ Ke7 36. Q@d7+ Kf8 37. Qxf7# 
{BEO checkmated} 1-0

[Event "fics rated crazyhouse match"]
[Site "fics, Oklahoma City, OK USA"]
[Date "2000.01.15"]
[White "BEO"]
[WhiteElo "2161"]
[Black "Tecumseh"]
[BlackElo "2264"]
[TimeControl "180+0"]
[Result "1-0"]

1. e4 Nc6 2. Nc3 Nf6 3. Nf3 e6 4. d4 d5 5. e5 Ne4 6. Bd3 
Bb4 7. Bd2 Nxd2 8. Qxd2 Bxc3 9. bxc3 N@e4 10. Bxe4 dxe4 11. Ng5 Nxe5 
12. B@a4+ B@c6 13. Bxc6+ bxc6 14. Nxe4 Nc4 15. Qe2 P@b2 16. Rd1 B@b5 17. P@d3 
Na3 18. N@b1 Nxb1 19. Rxb1 N@f4 20. Qg4 Ng6 21. N@h5 B@h6 22. Rxb2 f5 
23. N@f6+ gxf6 24. Nexf6+ Kf7 25. Qd1 Bxd3 26. cxd3 P@d2+ 27. Rxd2 Bxd2+ 28. Qxd2 
R@b1+ 29. B@d1 Qxf6 30. Nxf6 Ba6 31. Nh5 Rxd1+ 32. Qxd1 B@f6 33. Nxf6 N@b2 
34. Nh5 Nxd3+ 35. Qxd3 P@g7 36. Qxa6 N@c2+ 37. Kd2 Rab8 38. Qxc6 Rb2 39. Qd7+ 
Ne7 40. N@e5+ Kf8 41. R@d8# 
{Tecumseh checkmated} 1-0

[Event "fics rated crazyhouse match"]
[Site "fics, Oklahoma City, OK USA"]
[Date "2000.01.15"]
[White "Tecumseh"]
[WhiteElo "2254"]
[Black "BEO"]
[BlackElo "2171"]
[TimeControl "180+0"]
[Result "0-1"]

1. e4 e6 2. d4 d5 3. e5 Nc6 4. Nf3 Nge7 5. Nc3 Nf5 6. Be2 
Be7 7. O-O O-O 8. g4 Nfxd4 9. Nxd4 Nxd4 10. Qxd4 N@c6 11. Qf4 P@g5 
12. Qg3 d4 13. Ne4 Qd5 14. N@f6+ gxf6 15. Nxf6+ Bxf6 16. exf6 N@h6 17. P@g7 
Re8 18. N@e7+ Nxe7 19. fxe7 Kxg7 20. N@h5+ Kg6 21. Bd3+ P@e4 22. Nf4+ gxf4 
23. B@h5+ Kg7 24. Bxf4 Rxe7 25. Bxh6+ Kxh6 26. P@f6 Re8 27. Qf4+ B@g5 28. Bxe4 
N@e2+ 29. Kh1 P@g2+ 30. Bxg2 Qxg2+ 31. Kxg2 Nxf4+ 32. Kf3 B@e4+ 33. Kg3 Q@g2# 
{Tecumseh checkmated} 0-1

[Event "fics rated crazyhouse match"]
[Site "fics, Oklahoma City, OK USA"]
[Date "2000.01.15"]
[White "Tecumseh"]
[WhiteElo "2236"]
[Black "LINDEGREN"]
[BlackElo "2232"]
[TimeControl "120+0"]
[Result "0-1"]

1. e4 Nf6 2. e5 Nd5 3. Nc3 e6 4. Nf3 d6 5. Bc4 Nf4 6. Rg1 
Nc6 7. d4 dxe5 8. dxe5 Qxd1+ 9. Nxd1 Q@e4+ 10. Be3 Qxc4 11. P@d3 Nxd3+ 
12. cxd3 Qxd3 13. N@f4 Bb4+ 14. Nd2 Bxd2+ 15. Bxd2 N@c2# 
{Tecumseh checkmated} 0-1

[Event "fics rated crazyhouse match"]
[Site "fics, Oklahoma City, OK USA"]
[Date "2000.01.15"]
[White "LINDEGREN"]
[WhiteElo "2240"]
[Black "Tecumseh"]
[BlackElo "2228"]
[TimeControl "120+0"]
[Result "1-0"]

1. e4 Nc6 2. Nc3 d5 3. exd5 Nb4 4. Bc4 Nf6 5. d4 Nfxd5 6. Nxd5 
Nxd5 7. Nf3 e6 8. N@e5 P@f6 9. Nxf7 Kxf7 10. Bxd5 exd5 11. N@e5+ fxe5 
12. Nxe5+ Ke7 13. P@g6 B@f5 14. gxh7 Rxh7 15. P@g4 Bxc2 16. Qxc2 P@e4 17. B@f5 
Rh6 18. Bxh6 Bxf5 19. gxf5 B@h5 20. R@e6# 
{Tecumseh checkmated} 1-0

[Event "fics rated crazyhouse match"]
[Site "fics, Oklahoma City, OK USA"]
[Date "2000.01.15"]
[White "stinker"]
[WhiteElo "2231"]
[Black "GhostShell"]
[BlackElo "2213"]
[TimeControl "180+0"]
[Result "1-0"]

1. e4 e5 2. Nf3 Nc6 3. Bc4 Bc5 4. O-O Nf6 5. c3 Bb6 6. d4 
exd4 7. e5 d5 8. exf6 dxc4 9. fxg7 Rg8 10. Bg5 P@f6 11. Re1+ B@e6 
12. Nxd4 Nxd4 13. cxd4 Rxg7 14. N@e4 P@e7 15. P@h6 Rxg5 16. Nxg5 fxg5 17. R@g8+ 
Kd7 18. N@e5# 
{GhostShell resigns} 1-0

[Event "fics rated crazyhouse match"]
[Site "fics, Oklahoma City, OK USA"]
[Date "2000.01.15"]
[White "LINDEGREN"]
[WhiteElo "2255"]
[Black "Tecumseh"]
[BlackElo "2213"]
[TimeControl "120+0"]
[Result "1-0"]

1. e4 Nc6 2. Nf3 d5 3. exd5 Nb4 4. d4 Nf6 5. Bb5+ Bd7 6. P@e6 
Bxb5 7. exf7+ Kd7 8. Nc3 B@c4 9. Nxb5 Kc8 10. B@e6+ Kb8 11. Na3 Bxd5 
12. Bxd5 Nfxd5 13. O-O B@g4 14. c4 P@e4 15. cxd5 exf3 16. gxf3 Qxd5 17. P@g2 
P@h3 18. B@e4 Qd7 19. N@e5 hxg2 20. Nxd7+ Bxd7 21. Q@d8+ Bc8 22. h3 gxf1=Q+ 
23. Qxf1 N@h4 24. P@d7 N@e2+ 25. Kh2 a5 26. dxc8=Q+ Ka7 27. B@c5+ Ka6 28. Qxa8+ 
R@a7 29. Qxa7# 
{Tecumseh checkmated} 1-0

[Event "fics rated crazyhouse match"]
[Site "fics, Oklahoma City, OK USA"]
[Date "2000.01.15"]
[White "GhostShell"]
[WhiteElo "2204"]
[Black "stinker"]
[BlackElo "2239"]
[TimeControl "180+0"]
[Result "0-1"]

1. d4 Nf6 2. Nf3 e6 3. Bf4 d5 4. e3 Bd6 5. Bd3 Nc6 6. O-O 
Ne4 7. c4 O-O 8. Nbd2 Bxf4 9. exf4 B@g6 10. cxd5 exd5 11. Ne5 Nxe5 
12. dxe5 P@h3 13. B@f3 hxg2 14. Bxg2 P@h3 15. Bf3 N@h4 16. P@f6 Nxd2 17. Bde2 
N@d4 18. N@e1 gxf6 19. exf6 Qxf6 20. Qxd2 Ndxf3+ 21. Bxf3 P@g2 22. Nxg2 hxg2 
23. Bxg2 N@f3+ 24. Kh1 P@h3 25. Rg1 Nxg1 26. Kxg1 hxg2 27. N@g3 B@f3 
{GhostShell resigns} 0-1

[Event "fics rated crazyhouse match"]
[Site "fics, Oklahoma City, OK USA"]
[Date "2000.01.15"]
[White "Tecumseh"]
[WhiteElo "2206"]
[Black "LINDEGREN"]
[BlackElo "2262"]
[TimeControl "120+0"]
[Result "1-0"]

1. e4 e6 2. d4 Nc6 3. d5 exd5 4. exd5 Bb4+ 5. P@c3 Qe7+ 6. Be2 
Bc5 7. dxc6 Bxf2+ 8. Kxf2 dxc6 9. Nf3 P@h3 10. Bg5 P@f6 11. Bf4 hxg2 
12. Kxg2 P@e5 13. Bg3 e4 14. Nd4 P@f3+ 15. Nxf3 exf3+ 16. Kxf3 Bg4+ 17. Kxg4 
Qe4+ 18. B@f4 h5+ 19. Kh3 Rd8 20. P@d7+ Rxd7 21. Qxd7+ Kxd7 22. N@c5+ Ke7 
23. P@d6+ Kf8 24. R@d8+ N@e8 25. Nd7# 
{LINDEGREN checkmated} 1-0

[Event "fics rated crazyhouse match"]
[Site "fics, Oklahoma City, OK USA"]
[Date "2000.01.15"]
[White "LINDEGREN"]
[WhiteElo "2253"]
[Black "Tecumseh"]
[BlackElo "2215"]
[TimeControl "120+0"]
[Result "0-1"]

1. e4 Nc6 2. d4 d5 3. e5 Bf5 4. Nc3 h6 5. Nge2 e6 6. Ng3 
Bh7 7. Bb5 Ne7 8. Bxc6+ bxc6 9. Nh5 Nf5 10. N@f6+ gxf6 11. Nxf6+ Ke7 
12. Nxh7 B@h4 13. B@f6+ Bxf6 14. Nxf6 B@h4 15. B@g3 Nxg3 16. hxg3 Bxf6 17. exf6+ 
Kd7 18. P@b7 B@d6 19. bxa8=Q Qxa8 20. B@g7 Rg8 21. Bxf8 Qxf8 22. B@g7 Rxg7 
23. fxg7 Qxg7 24. Bxh6 Qxg3 25. N@f6+ Kc8 26. P@d7+ Kb7 27. R@b8+ Ka6 28. Qe2+ 
B@c4 29. Qxc4+ dxc4 30. B@c8+ P@b7 31. Bxb7+ Kb6 32. Ba8+ Ka5 
{LINDEGREN forfeits on time} 0-1

[Event "fics rated crazyhouse match"]
[Site "fics, Oklahoma City, OK USA"]
[Date "2000.01.15"]
[White "Tecumseh"]
[WhiteElo "2224"]
[Black "LINDEGREN"]
[BlackElo "2244"]
[TimeControl "120+0"]
[Result "1-0"]

1. e4 Nf6 2. e5 Nd5 3. Nc3 e6 4. Nf3 d6 5. Bc4 Nb6 6. Bb5+ 
Nc6 7. O-O Bd7 8. Bxc6 Bxc6 9. N@d4 Bxf3 10. Qxf3 dxe5 11. B@b5+ P@c6 
12. Nxc6 bxc6 13. Bxc6+ B@d7 14. Bxd7+ Nxd7 15. P@c6 N@d4 16. cxd7+ Kxd7 17. B@a4+ 
P@c6 18. Bxc6+ Nxc6 19. P@d5 Nd4 20. Qxf7+ Be7 21. P@c6+ Nxc6 22. dxc6+ Kxc6 
23. Qxe6+ Bd6 24. P@b5+ Kb6 25. N@c4+ Kc5 26. Qd5# 
{LINDEGREN resigns} 1-0

[Event "fics rated crazyhouse match"]
[Site "fics, Oklahoma City, OK USA"]
[Date "2000.01.15"]
[White "LINDEGREN"]
[WhiteElo "2236"]
[Black "Tecumseh"]
[BlackElo "2232"]
[TimeControl "120+0"]
[Result "0-1"]

1. e4 Nc6 2. Nf3 Nf6 3. d4 d5 4. exd5 Nxd5 5. Bb5 e6 6. Ne5 
P@d7 7. Bxc6 dxc6 8. P@e4 Nf6 9. f3 B@g6 10. Nc3 Bb4 11. O-O O-O 
12. Bg5 Be7 13. Be3 Bd7 14. Qe2 Be8 15. Rad1 Nd7 16. Nxd7 Bxd7 17. f4 
f5 18. e5 N@e4 19. Nxe4 fxe4 20. N@h4 Bxh4 21. N@g3 Bxg3 22. hxg3 N@h5 
23. B@h4 Qxh4 24. gxh4 N@g3 25. Qg4 B@f5 26. N@e7+ Kh8 27. Nxg6+ hxg6 28. Qxh5+ 
gxh5 29. Q@h2 N@e2+ 30. Kf2 N@g4+ 31. Ke1 Nxh2 32. B@f2 Ngxf1 33. Kxe2 R@f3 
34. N@e7 Rxe3+ 35. Bxe3 Bg4+ 36. Ke1 Q@e2# 
{LINDEGREN checkmated} 0-1

[Event "fics rated crazyhouse match"]
[Site "fics, Oklahoma City, OK USA"]
[Date "2000.01.15"]
[White "Tecumseh"]
[WhiteElo "2240"]
[Black "LINDEGREN"]
[BlackElo "2228"]
[TimeControl "120+0"]
[Result "0-1"]

1. e4 e6 2. d4 b6 3. Nc3 Bb7 4. Nf3 Bb4 5. Bd3 Nf6 6. O-O 
Bxc3 7. bxc3 Nxe4 8. B@h4 f6 9. Bxe4 Bxe4 10. N@h5 Rg8 11. Re1 B@d5 
12. c4 Bxf3 13. gxf3 N@h3+ 14. Kh1 N@f5 15. cxd5 Nxh4 16. Rxe6+ dxe6 17. P@f7+ 
Kxf7 18. dxe6+ Kxe6 19. B@g4+ Ke7 20. Bxh3 P@e6 21. Ba3+ B@d6 22. Bxd6+ cxd6 
23. P@b7 B@c6 24. N@c8+ Ke8 25. bxa8=Q Bxa8 26. Nxd6+ Qxd6 27. R@c8+ R@d8 28. Rxd8+ 
Qxd8 29. B@b5+ P@d7 30. P@e4 P@g2+ 31. Bxg2 Nxg2 32. B@h3 Nh4 33. P@g2 N@g5 
34. Bxe6 Nxe6 35. d5 B@h3 36. dxe6 Bxg2+ 37. Kg1 R@h1# 
{Tecumseh checkmated} 0-1

[Event "fics rated crazyhouse match"]
[Site "fics, Oklahoma City, OK USA"]
[Date "2000.01.15"]
[White "LINDEGREN"]
[WhiteElo "2236"]
[Black "Tecumseh"]
[BlackElo "2232"]
[TimeControl "120+0"]
[Result "0-1"]

1. e4 Nc6 2. Nf3 d5 3. exd5 Nb4 4. Bb5+ Bd7 5. Bxd7+ Qxd7 6. d4 
Nxd5 7. Ne5 Qe6 8. B@d7+ Qxd7 9. Nxd7 Kxd7 10. P@e4 Nb6 11. O-O Rd8 
12. d5 N@e5 13. f4 B@c5+ 14. Kh1 B@g4 15. Qd2 Nec4 16. Qd3 Nf6 17. h3 
P@e2 18. Re1 Bf2 19. hxg4 Bxe1 20. B@c6+ bxc6 21. dxc6+ Kxc6 22. Qxc4+ Nxc4 
23. P@d5+ Kb7 24. Q@c6+ Kc8 25. Qa8+ R@b8 26. Qxb8+ Kxb8 
{LINDEGREN forfeits on time} 0-1

[Event "fics rated crazyhouse match"]
[Site "fics, Oklahoma City, OK USA"]
[Date "2000.01.15"]
[White "Tecumseh"]
[WhiteElo "2240"]
[Black "LINDEGREN"]
[BlackElo "2228"]
[TimeControl "120+0"]
[Result "0-1"]

1. e3 e6 2. d4 Nf6 3. Nc3 Nc6 4. Nf3 d5 5. Be2 Ne4 6. O-O 
Be7 7. Ne5 Nxe5 8. dxe5 Nxc3 9. bxc3 N@e4 10. c4 N@c3 11. Qe1 Nxe2+ 
12. Qxe2 dxc4 13. Qxc4 B@d5 14. Qe2 Ng5 15. f3 P@h3 16. e4 hxg2 17. Qxg2 
P@h3 18. Qg3 Bxe4 19. Bxg5 Bxg5 20. fxe4 P@g2 21. Rfd1 B@e3+ 22. P@f2 Qxd1# 
{Tecumseh resigns} 0-1

[Event "fics rated crazyhouse match"]
[Site "fics, Oklahoma City, OK USA"]
[Date "2000.01.15"]
[White "LINDEGREN"]
[WhiteElo "2236"]
[Black "Tecumseh"]
[BlackElo "2232"]
[TimeControl "120+0"]
[Result "0-1"]

1. Nf3 Nc6 2. Nc3 Nf6 3. e3 e5 4. Bb5 d6 5. d4 e4 6. Ng5 
Bg4 7. f3 exf3 8. gxf3 Bh5 9. P@g2 Nd7 10. O-O Qxg5 11. e4 N@e3 
12. Bxe3 Qxe3+ 13. Kh1 P@h3 14. gxh3 Nxd4 15. Bxd7+ Kxd7 16. P@g2 P@e2 17. Nxe2 
Nxe2 18. N@e5+ Kd8 19. N@c6+ bxc6 20. Nxc6+ Ke8 21. P@d7+ Kxd7 22. Ne5+ Kd8 
23. P@f2 Qxf3 24. Nxf3 Bxf3 25. Qxe2 Bxg2+ 26. Kg1 B@d7 27. N@b7+ Ke8 28. e5 
N@f3+ 29. Qxf3 Bxf3 30. Nxd6+ Bxd6 
{LINDEGREN resigns} 0-1

[Event "fics rated crazyhouse match"]
[Site "fics, Oklahoma City, OK USA"]
[Date "2000.01.15"]
[White "Tecumseh"]
[WhiteElo "2240"]
[Black "LINDEGREN"]
[BlackElo "2228"]
[TimeControl "120+0"]
[Result "0-1"]

1. e4 Nc6 2. d4 f6 3. Nf3 e6 4. Nc3 Qe7 5. Be2 Nh6 6. O-O 
Nf7 7. d5 Nce5 8. dxe6 dxe6 9. Nxe5 Nxe5 10. P@f5 P@d7 11. fxe6 dxe6 
12. P@f4 Nc6 13. Be3 P@d6 14. N@d5 exd5 15. Nxd5 Qf7 16. f5 N@d8 17. P@g6 
hxg6 18. fxg6 Qxg6 19. Nxc7+ Kf7 20. P@g4 Rb8 21. P@f5 Qh7 22. Bxa7 Qxh2# 
{Tecumseh checkmated} 0-1